 Dungeon Crawl Stone Soup version 0.27-a0-1591-gc56fcc985a (webtiles) character file.

Game seed: 5430142211955584004

3936 mandarbmax the Nimble (level 10, -1/72 HPs)
             Began as an Octopode Earth Elementalist on July 19, 2021.
             Was a Follower of Cheibriados.
             Slain by an orc knight (30 damage)
             ... in a bailey.
             The game lasted 00:28:12 (11745 turns).

mandarbmax the Nimble (OpEE)                       Turns: 11745, Time: 00:28:13

Health: -1/72      AC:  5    Str: 11      XL:     10   Next: 21%
Magic:  15/15      EV: 16    Int: 22 (24) God:    Cheibriados [*.....]
Gold:   389        SH:  0    Dex: 12 (15) Spells: 10/16 levels left

rFire    . . .     SeeInvis .   a - +3 long sword (holy)
rCold    . . .     Faith    .   (no shield)
rNeg     . . .     Spirit   .   (helmet restricted)
rPois    +         Reflect  .   d - amulet of the acrobat
rElec    .         Harm     .   f - +4 ring of protection
rCorr    .         Rampage  .   o - ring of poison resistance
Will     .....                  (no ring)
Stlth    +++.......             (no ring)
HPRegen  0.22/turn              (no ring)
MPRegen  0.14/turn              (no ring)
                                (no ring)
                                (no ring)

@: mighty, very slow
A: almost no armour, amphibious, 8 rings, camouflage 1, gelatinous body 1,
(nimble swimmer 1), tentacles
a: Renounce Religion, Bend Time


You were in a bailey.
You worshipped Cheibriados.
Cheibriados was aware of your devotion.
You visited 1 branch of the dungeon, and saw 8 of its levels.
You also visited: Bailey.

You collected 389 gold pieces.

Inventory:

Hand Weapons
 a - a +3 long sword of holy wrath (weapon)
 c - a +1 whip of venom
Missiles
 b - 258 stones
Armour
 j - a +1 tower shield
Jewellery
 d - an amulet of the acrobat (around mantle)
 f - a +4 ring of protection (left tentacle)
 o - a ring of poison resistance (right tentacle)
 B - a ring of flight
Wands
 s - a wand of mindburst (17)
 x - a wand of paralysis (9)
 y - a wand of iceblast (6)
 C - a wand of digging (3)
Scrolls
 e - 2 scrolls of teleportation
 h - a scroll of immolation {unknown}
 i - 4 scrolls of fog
 m - a scroll of fear {unknown}
 n - 2 scrolls of amnesia
 p - 4 scrolls of enchant weapon
 q - a scroll of blinking {unknown}
 v - a scroll of acquirement {unknown}
 w - a scroll of enchant armour
Potions
 g - a potion of resistance
 k - 2 potions of attraction
 l - a potion of might
 r - 3 potions of curing
 t - 3 potions of mutation
 u - 2 potions of heal wounds
 z - 2 potions of lignification


   Skills:
 + Level 8.2 Fighting
 - Level 9.0 Dodging
 - Level 2.6 Stealth
 + Level 3.6 Spellcasting
 - Level 1.0 Transmutations
 - Level 8.0 Earth Magic


You had 10 spell levels left.
You knew the following spells:

 Your Spells              Type           Power      Damage    Failure   Level
a - Sandblast             Erth           78%        2d17      1%          1
b - Stone Arrow           Conj/Erth      42%        3d9       7%          3
c - Passwall              Tmut/Erth      19%        N/A       2%          2

Your spell library contained the following spells:

 Spells                   Type           Power      Damage    Failure   Level
 Petrify                  Tmut/Erth      23%        N/A       19%         4
 Tukima's Dance           Hex            4%         N/A       34%         3
 Passage of Golubria      Tloc           N/A        N/A       75%         4
 Yara's Violent Unravell  Hex/Tmut       3%         3d4       95%         5


Dungeon Overview and Level Annotations

Branches:
Dungeon (8/15)             Temple (0/1) D:7          Bailey (1/1)
   Lair: D:8-11

Altars:
Cheibriados
Dithmenos
Elyvilon
Kikubaaqudgha
Trog
Uskayaw
Yredelemnul

Shops:
D:3 =   D:7 (


Innate Abilities, Weirdness & Mutations

You cannot wear most types of armour.
You are amphibious.
You can wear up to eight rings at the same time.
Your skin changes colour to match your surroundings (Stealth+).
Your rubbery body absorbs attacks. (AC +1, EV +1)
((You are camouflaged near water. (Stealth+)))
You have tentacles for arms and can constrict up to eight enemies at once.


Message History

Aim: an orc knight, wielding a +0 halberd and wearing a +0 plate armour (lightly wounded)
The mass of ice explodes!
The iceblast engulfs the orc knight.
The orc knight is moderately wounded.
The iceblast engulfs the orc warrior!
The orc warrior is heavily wounded.
The iceblast engulfs the orc warrior!
The orc warrior is moderately wounded.
The orc knight roars a battlecry!
The orc warriors go into a battle-frenzy!
Unknown command.
Aiming: Mindburst
Press: ? - help, Shift-Dir - straight line, f/p - orc knight
Aim: an orc knight, wielding a +0 halberd and wearing a +0 plate armour (moderately wounded, chance to affect: 48%)
The orc knight resists with some effort.
The orc knight hits you from afar with a +0 halberd!!
* * * LOW HITPOINT WARNING * * *
You feel much better. The orc knight closely misses you.
Okay, then.
The orc knight misses you.
Unknown command.
Casting: Stone Arrow (dangerous; 7% risk of failure)
Confirm with . or Enter, or press ? or * to list all spells.
You aren't next to any passable walls.
Aiming: Mindburst
Press: ? - help, Shift-Dir - straight line, f/p - orc knight
Aim: an orc knight, wielding a +0 halberd and wearing a +0 plate armour (moderately wounded, chance to affect: 48%)
The orc knight's mind is blasted!!
The orc knight hits you from afar with a +0 halberd!
Aiming: Iceblast
Press: ? - help, Shift-Dir - straight line, f/p - orc knight
Aim: an orc knight, wielding a +0 halberd and wearing a +0 plate armour (heavily wounded)
The mass of ice explodes!
The iceblast engulfs the orc knight!
The orc knight is severely wounded.
The iceblast engulfs the orc warrior!
The orc warrior is heavily wounded.
The iceblast engulfs the orc warrior!
You kill the orc warrior!
Cheibriados appreciates the change of pace.
The orc knight hits you from afar with a +0 halberd!!
You die...

##.....).##.......
##..#'#'#..##......
#..##)#.##..#......
#.#########.##.....
#.')#).)#)'.##.....
#.###._.###.##.....
#.')#.o.#.'.##.....
#.####o####)##.....
#.@##o.∩##..##.....
##..#'''##..)......
##.oo..##.........
##)...##.....≈≈≈≈
#######....≈.#)#
......≈#∩)#
.......≈..^.
........≈##.#
........≈≈ .#


You could see an orc knight and an orc warrior (strong).

Vanquished Creatures
  Pikel (D:5)
  A wyvern (D:7)
  9 orc warriors (Bailey)
  2 sky beasts
  A hornet zombie (D:8)
  An ice beast (D:5)
  4 necrophages
  3 ogres
  3 centaurs
  A phantom (D:7)
  2 lemures (D:5)
  A kobold brigand (D:6)
  2 scorpions
  2 bullfrogs
  A gnoll sergeant (D:7)
  A howler monkey (D:6)
  A centaur zombie (D:5)
  2 hounds
  4 jellies
  3 orc priests
  A bullfrog skeleton (D:4)
  A centaur skeleton (D:5)
  3 iguanas
  2 orc wizards
  A hound skeleton (D:5)
  A howler monkey zombie (D:6)
  A howler monkey skeleton (D:5)
  6 adders
  14 gnolls
  A white imp (D:5)
  3 ufetubi
  4 worms
  2 dart slugs (D:5)
  21 orcs
  9 ball pythons
  An endoplasm (D:2)
  7 giant cockroaches
  35 goblins
  26 hobgoblins
  10 jackals (D:1)
  15 kobolds
  3 quokkas
  3 bats
  5 frilled lizards
  10 rats
230 creatures vanquished.

Vanquished Creatures (others)
  6 plants (D:5)
6 creatures vanquished.

Grand Total: 236 creatures vanquished

Notes
Turn   | Place    | Note
-------+----------+-------------------------------------------
     0 | D:1      | mandarbmax the Octopode Earth Elementalist began the quest
                  | for the Orb.
     0 | D:1      | Reached XP level 1. HP: 11/11 MP: 3/3
   254 | D:1      | Reached XP level 2. HP: 5/17 MP: 0/5
   489 | D:1      | Found a faded altar of an unknown god.
   828 | D:1      | Reached XP level 3. HP: 21/21 MP: 6/6
  2265 | D:3      | Reached XP level 4. HP: 20/27 MP: 4/7
  2441 | D:3      | Reached skill level 5 in Earth Magic
  2571 | D:3      | Reached XP level 5. HP: 22/31 MP: 2/8
  2622 | D:3      | Learned a level 3 spell: Stone Arrow
  3123 | D:3      | Noticed a moth of wrath
  3126 | D:3      | Found a bloodstained altar of Trog.
  4266 | D:3      | Reached XP level 6. HP: 36/36 MP: 2/9
  4982 | D:3      | Found Xisagok's Jewellery Shoppe.
  5719 | D:4      | Reached XP level 7. HP: 39/41 MP: 1/10
  6232 | D:5      | Entered Level 5 of the Dungeon
  6232 | D:5      | Noticed Pikel
  6362 | D:5      | Killed Pikel
  6363 | D:5      | Reached skill level 5 in Dodging
  6363 | D:5      | Reached XP level 8. HP: 28/46 MP: 3/11
  6605 | D:5      | Found a snail-covered altar of Cheibriados.
  6611 | D:5      | Learned a level 2 spell: Passwall
  6626 | D:5      | HP: 2/46 [centaur (6)]
  6628 | D:5      | Reached skill level 6 in Dodging
  7059 | D:5      | Found a hide-covered altar of Uskayaw.
  7136 | D:5      | Reached skill level 7 in Dodging
  7233 | D:5      | Became a worshipper of Cheibriados the Contemplative
  7520 | D:5      | Found a white marble altar of Elyvilon.
  7673 | D:5      | Reached skill level 8 in Dodging
  7849 | D:6      | Reached XP level 9. HP: 51/51 MP: 3/12
  8008 | D:6      | Reached skill level 9 in Dodging
  8078 | D:6      | Reached skill level 1 in Fighting
  8172 | D:6      | Reached * piety under Cheibriados
  8550 | D:6      | Found an ancient bone altar of Kikubaaqudgha.
  9016 | D:7      | Reached skill level 5 in Fighting
  9197 | D:7      | Found a shadowy altar of Dithmenos.
  9833 | D:7      | Found Vozec's Firing Range.
 10079 | D:7      | Found a staircase to the Ecumenical Temple.
 10239 | D:7      | Noticed a two-headed ogre
 10249 | D:7      | Found a basalt altar of Yredelemnul.
 10804 | D:8      | Found a flagged portal.
 10825 | Bailey   | Entered a bailey
 10910 | Bailey   | Reached XP level 10. HP: 20/71 MP: 1/13
 11735 | Bailey   | Noticed an orc knight
 11745 | Bailey   | Slain by an orc knight

Illustrated notes

Levels and vault maps discovered:
D:1:      heliophobic_arrival_enchanted_forest, layout_basic,
          ebering_ecumenical_altar_hall
D:2:      layout_basic, minmay_liquid_box, minmay_hexomino_u4
D:3:      minmay_goblin_kobold_castle, layout_loops_ring, tgw_trog,
          serial_shops, nicolae_shop_stone
D:4:      layout_gridville
D:5:      layout_loops_cross, nicolae_elyvilon_temple_path,
          nicolae_uskayaw_dance_hall, mainiacjoe_overflow_24_doors,
          st_stairs_12, minmay_fractal_squares_gapless_5, uniq_pikel
D:6:      layout_cave_pools, lemuel_coloured_pillars_altar,
          hangedman_abyss_or_decor_stagger
D:7:      layout_layer_cave, lemuel_tele_altar,
          mainiacjoe_overflow_cross_hatched, minmay_temple_entry_glassed_door,
          nicolae_shop_firing_range
D:8:      layout_basic, enter_bailey_5, uniq_psyche
Bailey:   bailey_polearm_2, bailey

Skill      XL: |  1  2  3  4  5  6  7  8  9 10 |
---------------+-------------------------------+-----
Earth Magic    | 4 5 6 7 8 |  8.0
Dodging        | 5 8 9 |  9.0
Fighting       | 7 8 |  8.2
Spellcasting   | 3 |  3.6
Stealth        | |  2.6
Transmutations | |  1.0

Action                   |  1- 3 |  4- 6 |  7- 9 | 10-12 || total
-------------------------+-------+-------+-------+-------++-------
Melee: Unarmed           |     8 |       |       |       ||     8
       Whip              |    59 |   104 |    21 |       ||   184
       Constrict         |    24 |    29 |    13 |     5 ||    71
       Tentacles         |    18 |    18 |    12 |     1 ||    49
       Long sword        |       |       |    50 |    11 ||    61
 Cast: Sandblast         |    26 |    62 |    42 |     2 ||   132
       Stone Arrow       |       |    24 |    51 |    19 ||    94
       Passwall          |       |       |     2 |       ||     2
Evoke: Wand              |       |     1 |       |    10 ||    11
  Use: Scroll            |       |     3 |     8 |       ||    11
       Potion            |       |       |       |     4 ||     4
 Stab: Sleeping          |     9 |     2 |     4 |     1 ||    16
Armor: Skin              |    14 |    20 |    27 |     2 ||    63
Dodge: Dodged            |    53 |   123 |   113 |    36 ||   325
       Rpst.: Long sword |       |       |    24 |     2 ||    26

Table legend: (Time is in decaauts)
 A = Elapsed time spent in this place.
 B = Non-inter-level travel time spent in this place.
 C = Inter-level travel time spent in this place.
 D = Time resting spent in this place.
 E = Time spent auto-exploring this place.
 F = Levels seen in this place.
 G = Mean time per level.
                   A        B        C        D        E       F      G
               +--------+--------+--------+--------+--------+-----+--------+
         Total |  12576 |  12294 |    282 |   4056 |   6375 |   9 | 1397.3 |
       Dungeon |  11611 |  11329 |    282 |   3292 |   6358 |   8 | 1451.4 |
        Bailey |    964 |    964 |      0 |    764 |     16 |   1 |  964.0 |
               +--------+--------+--------+--------+--------+-----+--------+

Top non-repeatable levels by time:
     D:3: 2793 daAuts
     D:7: 2208 daAuts
     D:5: 1766 daAuts
     D:1: 1387 daAuts
     D:4: 1237 daAuts
     D:6: 1100 daAuts
  Bailey: 964 daAuts
     D:2: 860 daAuts
     D:8: 257 daAuts
